AoeStats
← Master_Keef

Four Lakes

507344271Analyzed
1v1 RM · 15d ago on Sep 17, 2026· 40m 4s· 2 players
Game mode
Random Map
Map size
Tiny (2 player)
Population
200
Speed
Normal
Resources
Standard
Victory
Conquest
Starting age
Dark Age
Ending age
Imperial Age
RankedLock teamsTeams togetherTeam positionsShared explorationLock speedFull tech treeHidden civsTurbo modeCheats
Victory
Defeat
🇺🇸 Celts · United States
775
+16
🇳🇴 Gurjaras · Norway
779
-16
Master_Keef
10:09 Loom
11:55 Feudal Age
12:48 Double-Bit Axe
12:49 Fishing Lines
15:21 Wheelbarrow
17:55 Castle Age
17:41 Scale Mail Armor
17:52 Forging
17:16 Man-at-Arms
17:43 Arson
18:24 Long Swordsman
18:51 Gambesons
20:09 Gillnets
22:04 Town Watch
27:48 Hand Cart
29:47 Iron Casting
29:14 Horse Collar
31:56 Gold Mining
33:10 Pikeman
35:26 Fletching
Serge9872
13:15 Feudal Age
14:07 Double-Bit Axe
14:14 Fishing Lines
14:25 Loom
15:11 Gold Mining
15:47 Padded Archer Armor
15:38 Fletching
22:20 Castle Age
26:04 Castle Age
27:48 Gillnets
31:55 Leather Archer Armor
32:23 Gold Shaft Mining
31:50 Bodkin Arrow
38:14 Bow Saw
37:50 Crossbowman
Connection lost

Rejoining the realm…

Still unreachable

The connection could not be restored.

Session expired

The server has moved on; the page needs a fresh start.